BSA
HOUSTON MARSHALS @ AUSTIN RIVER SHARKS
09/27/2030
 
TOP OF THE 1ST
Houston Marshals batting - Pitching for Austin River Sharks : RHP Troy Lynn
Pitching: RHP Troy Lynn
Batting: RHB Javier Rentería 0-0: Foul Ball, location: 2F
0-1: Foul Ball, location: 2F
0-2: SINGLE (Groundball, 6MS) (infield hit)
Batting: SHB Ramón Lugo 0-0: Called Strike
0-1: Ball
1-1: Ball
2-1: Ball
3-1: Foul Ball, location: 2F
3-2: Fly out, F4 (Popup, 4M)
Batting: SHB Juan Gómez 0-0: Ball
1-0: Ball
2-0: Ball
3-0: Called Strike
3-1: Foul Ball, location: 2F
3-2: Strikes out swinging
Batting: SHB Álex Rosado 0-0: Ball
1-0: Ground out 4-3 (Groundball, 4)
Top of the 1st over - 0 runs, 1 hit, 0 errors, 1 left on base; Houston 0 - Austin 0
BOTTOM OF THE 1ST
Austin River Sharks batting - Pitching for Houston Marshals : RHP Fernando Guzmán
Pitching: RHP Fernando Guzmán
Batting: SHB Ramiro Medrano 0-0: Ball
1-0: Foul Ball, location: 2F
1-1: Swinging Strike
1-2: SINGLE (Line Drive, 8RM)
Batting: LHB Enrico Vargas 0-0: Fly out, F9 (Flyball, 9S)
Batting: LHB Fred Abrams 0-0: Ball
1-0: Fly out, F9 (Line Drive, 9LM)
Batting: RHB Edward Young 0-0: Ground out 1-3 (Groundball, 13)
Bottom of the 1st over - 0 runs, 1 hit, 0 errors, 1 left on base; Houston 0 - Austin 0
TOP OF THE 2ND
Houston Marshals batting - Pitching for Austin River Sharks : RHP Troy Lynn
Batting: RHB Esteban Lara 0-0: Ball
1-0: Ball
2-0: Ball
3-0: SOLO HOME RUN (Flyball, 7LD), Distance : 371 ft
Batting: RHB Marvin Johnson 0-0: Ball
1-0: Ball
2-0: Ball
3-0: Called Strike
3-1: Foul Ball, location: 2F
3-2: Strikes out looking
Batting: LHB Bernardo Morales 0-0: Ball
1-0: Swinging Strike
1-1: Ground out 4-3 (Groundball, 4)
Batting: SHB Walton Locke 0-0: Ball
1-0: Ball
2-0: Foul Ball, location: 2F
2-1: Ground out 6-3 (Groundball, 6)
Top of the 2nd over - 1 run, 1 hit, 0 errors, 0 left on base; Houston 1 - Austin 0
BOTTOM OF THE 2ND
Austin River Sharks batting - Pitching for Houston Marshals : RHP Fernando Guzmán
Batting: LHB José Liñares 0-0: Called Strike
0-1: Ball
1-1: Ball
2-1: Foul Ball, location: 2F
2-2: Foul Ball, location: 2F
2-2: Ball
3-2: Strikes out looking
Batting: RHB Richard Coker 0-0: Called Strike
0-1: Foul Ball, location: 2F
0-2: Strikes out swinging
Batting: LHB Anacleto Morillo 0-0: Called Strike
0-1: Swinging Strike
0-2: Ball
1-2: Ball
2-2: Strikes out swinging
Bottom of the 2nd over - 0 runs, 0 hits, 0 errors, 0 left on base; Houston 1 - Austin 0
TOP OF THE 3RD
Houston Marshals batting - Pitching for Austin River Sharks : RHP Troy Lynn
Batting: LHB Sammy Marshall 0-0: Called Strike
0-1: SINGLE (Groundball, 6D)
Batting: RHB Javier Rentería 0-0: Called Strike
0-1: Swinging Strike
0-2: Fielders Choice at 2nd, 4-6 (Groundball, 4)
Batting: SHB Ramón Lugo 0-0: Ball
Javier Rentería steals 2nd base
1-0: Ground out 4-3 (Groundball, 4)
Javier Rentería to third
Batting: SHB Juan Gómez 0-0: Ball
1-0: DOUBLE (Flyball, 8LXD)
Javier Rentería scores
Batting: SHB Álex Rosado 0-0: Called Strike
0-1: Ball
1-1: Ball
2-1: SINGLE (Groundball, 4MD)
Juan Gómez to third
Batting: RHB Esteban Lara 0-0: Ball
1-0: Ball
2-0: Reached on error, E2 (Groundball, 2L)
Juan Gómez scores
Álex Rosado to second
Batting: RHB Marvin Johnson 0-0: Foul Ball, location: 2F
0-1: Ball
1-1: Ground out 5-3 (Groundball, 2L)
Top of the 3rd over - 2 runs, 3 hits, 1 error, 2 left on base; Houston 3 - Austin 0
BOTTOM OF THE 3RD
Austin River Sharks batting - Pitching for Houston Marshals : RHP Fernando Guzmán
Batting: RHB Paul Swift 0-0: Swinging Strike
0-1: Ball
1-1: Swinging Strike
1-2: Strikes out swinging
Batting: RHB Andy Aiton 0-0: Ball
1-0: Ball
2-0: Ball
3-0: Base on Balls
Batting: SHB Ramiro Medrano 0-0: Ball
1-0: Ball
2-0: Called Strike
2-1: Foul Ball, location: 2F
2-2: Fly out, F5 (Popup, 5SF)
Batting: LHB Enrico Vargas 0-0: Called Strike
0-1: Ball
1-1: Swinging Strike
1-2: Ball
2-2: Ground out 4-3 (Groundball, 4)
Bottom of the 3rd over - 0 runs, 0 hits, 0 errors, 1 left on base; Houston 3 - Austin 0
TOP OF THE 4TH
Houston Marshals batting - Pitching for Austin River Sharks : RHP Troy Lynn
Batting: LHB Bernardo Morales 0-0: Ground out 6-3 (Groundball, 6M)
Batting: SHB Walton Locke 0-0: Ball
1-0: Foul Ball, location: 2F
1-1: Foul Ball, location: 2F
1-2: Fly out, F7 (Line Drive, 7)
Batting: LHB Sammy Marshall 0-0: Foul Ball, location: 2F
0-1: Ball
1-1: Ball
2-1: Foul Ball, location: 2F
2-2: Ball
3-2: Strikes out looking
Top of the 4th over - 0 runs, 0 hits, 0 errors, 0 left on base; Houston 3 - Austin 0
BOTTOM OF THE 4TH
Austin River Sharks batting - Pitching for Houston Marshals : RHP Fernando Guzmán
Batting: LHB Fred Abrams 0-0: Ball
1-0: Foul Ball, location: 2F
1-1: Ball
2-1: Swinging Strike
2-2: Ball
3-2: Base on Balls
Batting: RHB Edward Young 0-0: Ball
1-0: Ball
Wild Pitch!
Fred Abrams to second
2-0: Foul Ball, location: 2F
2-1: Ball
3-1: Foul Ball, location: 2F
3-2: 2-RUN HOME RUN (Flyball, 7LD), Distance : 384 ft
Batting: LHB José Liñares 0-0: Ball
1-0: SINGLE (Flyball, 8RS)
Batting: RHB Richard Coker 0-0: Swinging Strike
0-1: Foul Ball, location: 2F
0-2: Ball
1-2: Ball
2-2: Ball
3-2: Strikes out swinging
Batting: LHB Anacleto Morillo 0-0: Called Strike
0-1: Ball
1-1: Called Strike
1-2: Ball
2-2: Foul Ball, location: 2F
2-2: Fly out, F7 (Line Drive, 78M)
Batting: RHB Paul Swift 0-0: Ball
1-0: SINGLE (Groundball, 4) (infield hit)
José Liñares to second
Batting: RHB Andy Aiton 0-0: Ball
1-0: Fly out, F9 (Flyball, 9S)
Bottom of the 4th over - 2 runs, 3 hits, 0 errors, 2 left on base; Houston 3 - Austin 2
TOP OF THE 5TH
Houston Marshals batting - Pitching for Austin River Sharks : RHP Troy Lynn
Batting: RHB Javier Rentería 0-0: Ball
1-0: Called Strike
1-1: Ball
2-1: Ball
3-1: Swinging Strike
3-2: Strikes out swinging
Batting: SHB Ramón Lugo 0-0: Called Strike
0-1: Ball
1-1: Ground out 1-3 (Groundball, 13)
Batting: SHB Juan Gómez 0-0: Called Strike
0-1: Ground out 5-3 (Groundball, 5L)
Top of the 5th over - 0 runs, 0 hits, 0 errors, 0 left on base; Houston 3 - Austin 2
BOTTOM OF THE 5TH
Austin River Sharks batting - Pitching for Houston Marshals : RHP Fernando Guzmán
Batting: SHB Ramiro Medrano 0-0: Foul Ball, location: 2F
0-1: Ball
1-1: SINGLE (Flyball, 78S)
Batting: LHB Enrico Vargas 0-0: Ball
1-0: Ground out 3-1 (Groundball, 3)
Ramiro Medrano to second
Batting: LHB Fred Abrams 0-0: Ball
1-0: Ball
2-0: Ball
3-0: Base on Balls
Batting: RHB Edward Young 0-0: Fly out, F7 (Flyball, 78D)
Batting: LHB José Liñares 0-0: Ball
1-0: Called Strike
1-1: Ball
2-1: DOUBLE (Line Drive, 8RD)
Ramiro Medrano scores
Fred Abrams to third
Batting: RHB Richard Coker 0-0: Ground out 1-3 (Groundball, 13S)
Bottom of the 5th over - 1 run, 2 hits, 0 errors, 2 left on base; Houston 3 - Austin 3
TOP OF THE 6TH
Houston Marshals batting - Pitching for Austin River Sharks : RHP Troy Lynn
Batting: SHB Álex Rosado 0-0: Ball
1-0: Foul Ball, location: 2F
1-1: Ball
2-1: SINGLE (Groundball, 34D)
Batting: RHB Esteban Lara 0-0: Swinging Strike
0-1: Foul Ball, location: 2F
0-2: Ball
1-2: Strikes out looking
Batting: RHB Marvin Johnson 0-0: Foul Ball, location: 2F
0-1: Foul Ball, location: 2F
0-2: Ball
1-2: Ball
2-2: Grounds into double play, 6-4-3 (Groundball, 6M)
Top of the 6th over - 0 runs, 1 hit, 0 errors, 0 left on base; Houston 3 - Austin 3
BOTTOM OF THE 6TH
Austin River Sharks batting - Pitching for Houston Marshals : RHP Fernando Guzmán
Pitching: RHP Cliff Wolfe
Batting: LHB Anacleto Morillo 0-0: SOLO HOME RUN (Flyball, 89XD), Distance : 398 ft
Batting: RHB Paul Swift 0-0: Called Strike
0-1: SOLO HOME RUN (Flyball, 7D), Distance : 400 ft
Pitching: RHP Dave Rhodes
Batting: RHB Andy Aiton 0-0: Ball
1-0: Ball
2-0: Called Strike
2-1: Foul Ball, location: 2F
2-2: Fly out, F2 (Popup, 13S)
Batting: SHB Ramiro Medrano 0-0: Foul Ball, location: 2F
0-1: Swinging Strike
0-2: Foul Ball, location: 2F
0-2: Strikes out looking
Batting: LHB Enrico Vargas 0-0: Called Strike
0-1: Ball
1-1: Fly out, F7 (Flyball, 7S)
Bottom of the 6th over - 2 runs, 2 hits, 0 errors, 0 left on base; Houston 3 - Austin 5
TOP OF THE 7TH
Houston Marshals batting - Pitching for Austin River Sharks : RHP Troy Lynn
Batting: LHB Bernardo Morales 0-0: Ball
1-0: SINGLE (Groundball, 4D)
Batting: SHB Walton Locke 0-0: Swinging Strike
0-1: Ball
1-1: Called Strike
1-2: Ball
2-2: Ball
3-2: Strikes out swinging
Pitching: RHP Luis Trujillo
Batting: LHB Sammy Marshall 0-0: Ball
1-0: Fly out, F6 (Popup, 15)
Batting: RHB Javier Rentería 0-0: Ball
1-0: Called Strike
1-1: Called Strike
1-2: Foul Ball, location: 2F
1-2: Foul Ball, location: 2F
1-2: Fielders Choice at 2nd, 6-4 (Groundball, 6)
Top of the 7th over - 0 runs, 1 hit, 0 errors, 1 left on base; Houston 3 - Austin 5
BOTTOM OF THE 7TH
Austin River Sharks batting - Pitching for Houston Marshals : RHP Dave Rhodes
Batting: LHB Fred Abrams 0-0: Ball
1-0: Foul Ball, location: 2F
1-1: Foul Ball, location: 2F
1-2: Fly out, F3 (Line Drive, 34D)
Batting: RHB Edward Young 0-0: Ball
1-0: Ball
2-0: DOUBLE (Line Drive, 7LM)
Batting: LHB José Liñares 0-0: Ball
1-0: Ball
2-0: Foul Ball, location: 2F
2-1: Ball
3-1: Swinging Strike
3-2: Base on Balls
Pinch Hitting: LHB Edgar López 0-0: Ball
1-0: Ball
2-0: Foul Ball, location: 2F
2-1: Swinging Strike
2-2: Ball
3-2: Foul Ball, location: 2F
3-2: Grounds into double play, 4-6-3 (Groundball, 4)
Bottom of the 7th over - 0 runs, 1 hit, 0 errors, 1 left on base; Houston 3 - Austin 5
TOP OF THE 8TH
Houston Marshals batting - Pitching for Austin River Sharks : RHP Luis Trujillo
Now at 2B: Edgar López
Batting: SHB Ramón Lugo 0-0: Ball
1-0: Ball
2-0: Ball
3-0: Called Strike
3-1: SINGLE (Groundball, 56D)
Batting: SHB Juan Gómez 0-0: Ball
1-0: Foul Ball, location: 2F
1-1: Ball
2-1: Foul Ball, location: 2F
2-2: Ball
3-2: SINGLE (Groundball, 4M) (infield hit)
Ramón Lugo to second
Pitching: LHP Manuel Gil
Batting: SHB Álex Rosado 0-0: Called Strike
0-1: Swinging Strike
0-2: Strikes out looking
Batting: RHB Esteban Lara 0-0: Fly out, F3 (Popup, 3SF)
Batting: RHB Marvin Johnson 0-0: Ball
1-0: Swinging Strike
1-1: Fly out, F9 (Line Drive, 9)
Top of the 8th over - 0 runs, 2 hits, 0 errors, 2 left on base; Houston 3 - Austin 5
BOTTOM OF THE 8TH
Austin River Sharks batting - Pitching for Houston Marshals : RHP Dave Rhodes
Batting: LHB Anacleto Morillo 0-0: Ball
1-0: Swinging Strike
1-1: SINGLE (Groundball, 3S) (infield hit)
Batting: RHB Paul Swift 0-0: TRIPLE (Line Drive, 9LD)
Anacleto Morillo scores
Batting: RHB Andy Aiton 0-0: Ball
1-0: Swinging Strike
1-1: Ball
2-1: Ball
3-1: Fly out, F8 (Flyball, 8RXD)
Runner from 3rd tags up, SCORES, no throw
Pitching: RHP Álex Rodríguez
Batting: SHB Ramiro Medrano 0-0: Ball
1-0: Swinging Strike
1-1: Fly out, F8 (Line Drive, 8RD)
Batting: LHB Enrico Vargas 0-0: Ball
1-0: Foul Ball, location: 2F
1-1: Foul Ball, location: 2F
1-2: SINGLE (Line Drive, 9S)
Batting: LHB Fred Abrams 0-0: Called Strike
0-1: 2-RUN HOME RUN (Flyball, 7D), Distance : 411 ft
Batting: RHB Edward Young 0-0: Ball
1-0: Ball
2-0: Foul Ball, location: 2F
2-1: SINGLE (Flyball, 7S)
Batting: LHB José Liñares 0-0: Called Strike
0-1: Ball
1-1: SINGLE (Groundball, 4D)
Edward Young to second
Runner from 2nd tries for 3rd, SAFE, throw made at trailing runner, OUT!
Bottom of the 8th over - 4 runs, 6 hits, 0 errors, 1 left on base; Houston 3 - Austin 9
TOP OF THE 9TH
Houston Marshals batting - Pitching for Austin River Sharks : LHP Manuel Gil
Batting: LHB Bernardo Morales 0-0: Called Strike
0-1: Swinging Strike
0-2: Strikes out swinging, 2-3 out at first.
Batting: SHB Walton Locke 0-0: Ball
1-0: Ball
2-0: Ball
3-0: Foul Ball, location: 2F
3-1: Swinging Strike
3-2: Strikes out looking
Batting: LHB Sammy Marshall 0-0: Ball
1-0: DOUBLE (Flyball, 8RXD)
Batting: RHB Javier Rentería 0-0: Foul Ball, location: 2F
0-1: Swinging Strike
0-2: Ground out U3 (Groundball, 3S)
Top of the 9th over - 0 runs, 1 hit, 0 errors, 1 left on base; Houston 3 - Austin 9
Saturday, April 7th, 2018 - OOTP Baseball 18.8 Build 76